 Dungeon Crawl Stone Soup version 0.25-a0-890-g62861fb195 (webtiles) character file.

Game seed: 7883364398796171580, levelgen mode: classic

60 EnegeticOcto the Skirmisher (level 4, -1/31 HPs)
             Began as an Octopode Fighter on May 2, 2020.
             Slain by a worm (9 damage)
             ... on level 2 of the Dungeon.
             The game lasted 00:00:28 (1084 turns).

EnegeticOcto the Skirmisher (Octopode Fighter)      Turns: 1084, Time: 00:00:28

Health: -1/31      AC:  1    Str: 15    XL:     4   Next: 6%
Magic:  4/4        EV: 11    Int: 10    God:
Gold:   15         SH:  9    Dex: 12    Spells: 3/3 levels left

rFire    . . .     SeeInvis .   a - +0 long sword
rCold    . . .     Gourm    .   b - +0 kite shield
rNeg     . . .     Faith    .   (helmet restricted)
rPois    .         Spirit   .   (no amulet)
rElec    .         Reflect  .   (no ring)
rCorr    .         Harm     .   (no ring)
MR       .....                  (no ring)
Stlth    ++........             (no ring)
HPRegen  0.10/turn              (no ring)
MPRegen  0.09/turn              (no ring)
                                (no ring)
                                (no ring)

@: no status effects
A: almost no armour, stealthy swim, amphibious, 8 rings, constrict 8, camouflage
1, gelatinous body 1
a: no special abilities


You were on level 2 of the Dungeon.
You were hungry.

You visited 1 branch of the dungeon, and saw 2 of its levels.

You collected 15 gold pieces.

Inventory:

Hand Weapons
 a - a +0 long sword (weapon)
Armour
 b - a +0 kite shield (worn)
Scrolls
 c - a scroll of enchant weapon {unknown}
 g - a scroll of enchant armour {unknown}
 h - a scroll of blinking {unknown}
 l - 3 scrolls of remove curse {unknown}
 m - a scroll of amnesia {unknown}
 n - a scroll of teleportation {unknown}
 p - a scroll of identify {unknown}
Potions
 f - a potion of flight {unknown}
 i - a potion of lignification {unknown}
 j - a potion of curing {unknown}
 k - 2 potions of might {@q3}
 o - a potion of magic {unknown}
Comestibles
 d - 4 chunks of flesh
 e - 3 rations


   Skills:
 + Level 3.5 Fighting
 * Level 3.3 Long Blades
 - Level 3.0 Dodging
 + Level 3.4 Shields


You had 3 spell levels left.
You didn't know any spells.
Your spell library was empty.

Dungeon Overview and Level Annotations

Branches:
Dungeon (2/15)

Altars:


Innate Abilities, Weirdness & Mutations

You cannot wear most types of armour.
You are very stealthy in the water. (Stealth+)
You are amphibious.
You can wear up to eight rings at the same time.
You can use your tentacles to constrict eight enemies at once.
Your skin changes colour to match your surroundings (Stealth+).
Your rubbery body absorbs attacks. (AC +1, EV +1)


Message History

No target in view!
No target in view!
No target in view!
You butcher the hobgoblin corpse.
d - 4 chunks of flesh You see here a hobgoblin skeleton. x2
Found a dagger.
There is a stone staircase leading down here.
Done exploring.
Done exploring.
Done exploring.
Done exploring.
No target in view!
No target in view!
No target in view!
No target in view!
No target in view!
No target in view!
No target in view!
No target in view!
No target in view!
Done exploring.
(D) Dungeon
Where to? (? - help)
There is a stone staircase leading down here.
You climb downwards. 2 gnolls and a kobold come into view.
The kobold shouts!
The gnoll shouts!
You hear a shout!
Found 23 stones and 9 gold pieces.
There is a stone staircase leading up here.
There are monsters nearby!
There are monsters nearby!
A gnoll comes into view. It is wielding a +0 club.
The kobold barely misses you.
The gnoll shouts!
You slash the kobold!
You kill the kobold!
A kobold comes into view. It is wielding a +0 short sword.
You are feeling hungry.
You closely miss the gnoll.
The kobold shouts!
You grab the gnoll. You constrict the gnoll. The gnoll barely misses you.
A kobold comes into view. It is wielding a +0 club.
A worm comes into view.
The kobold shouts!
You hit the gnoll.
The gnoll is heavily wounded.
You constrict the gnoll. The gnoll barely misses you.
You riposte.
You slash the gnoll!
You kill the gnoll!
Your Long Blades skill increases to level 3!
The gnoll hits you with a +0 whip! The gnoll hits you with a +0 whip.
You closely miss the gnoll. You grab the gnoll. You squeeze the gnoll!
The gnoll is severely wounded.
You constrict the gnoll.
You kill the gnoll!
The gnoll hits you with a +0 whip.
You are too injured to fight recklessly!
You are too injured to fight recklessly!
You are too injured to fight recklessly!
You are too injured to fight recklessly!
You are too injured to fight recklessly!
You are too injured to fight recklessly!
You are too injured to fight recklessly!
You hit the gnoll. You grab the gnoll.
You squeeze the gnoll, but do no damage.
The gnoll is moderately wounded.
You constrict the gnoll. The gnoll hits you with a +0 whip.
* * * LOW HITPOINT WARNING * * *
The kobold throws a stone.
You block the stone.
You release your grip on the gnoll.
You see here a +0 short sword.
You slash the gnoll! Your grab misses the gnoll.
The gnoll is almost dead.
You block the gnoll's attack.
You slash the gnoll!
You kill the gnoll!
You have reached level 4!
The kobold throws a stone.
You block the stone.
The kobold throws a stone.
The stone hits you but does no damage.
You hit the kobold. You grab the kobold.
The kobold is moderately wounded.
You constrict the kobold.
You kill the kobold!
Things that are here:
a +0 short sword; 2 stones; a kobold corpse You block the worm's attack.
You see here a +0 whip.
You barely miss the worm.
The kobold shouts!
You grab the worm. You constrict the worm. The kobold misses you.
You barely miss the kobold. Your grab misses the kobold.
You constrict the worm. The worm misses you. You block the kobold's attack.
You release your grip on the worm.
Things that are here:
a +0 short sword; 2 stones; a kobold corpse You hit the worm but do no damage.
You grab the worm.
The worm is lightly wounded.
You constrict the worm. The worm bites you!
You die...

#### .. ##...
#.# ##... #..#
#..# #..# #.#
###... ###@#
......####Kw.#
......(#..)###
#.<(###
.......)##
####.#$## #...
#.## ...


You could see a worm and a kobold.

Vanquished Creatures
  3 gnolls (D:2)
  2 leopard geckos (D:1)
  2 giant cockroaches (D:1)
  A goblin (D:1)
  5 hobgoblins (D:1)
  2 ball pythons (D:1)
  6 bats (D:1)
  7 kobolds
  5 rats (D:1)
33 creatures vanquished.

Notes
Turn   | Place    | Note
-------+----------+-------------------------------------------
     0 | D:1      | EnegeticOcto the Octopode Fighter began the quest for the
                  | Orb.
     0 | D:1      | Reached XP level 1. HP: 16/16 MP: 1/1
   150 | D:1      | Reached XP level 2. HP: 16/21 MP: 2/2
   707 | D:1      | Reached XP level 3. HP: 26/26 MP: 3/3
  1075 | D:2      | Reached XP level 4. HP: 7/31 MP: 4/4
  1084 | D:2      | Slain by a worm

Levels and vault maps discovered:
D:1:      onia_arrival_handbag, layout_basic
D:2:      layout_rooms, uniq_sigmund, uniq_terence, uniq_jessica, uniq_robin

Skill      XL: |  1  2  3 |
---------------+----------+-----
Long Blades    | 3 |  3.3
Fighting       | |  3.5
Dodging        | |  3.0
Shields        | |  3.4

Action                   |  1- 3 |  4- 6 || total
-------------------------+-------+-------++-------
Melee: Long sword        |    51 |     4 ||    55
       Constrict         |    19 |     3 ||    22
       Tentacles         |    10 |       ||    10
 Stab: Sleeping          |     5 |       ||     5
Armor: Skin              |     4 |       ||     4
Dodge: Dodged            |    26 |     2 ||    28
Block: Kite shield       |    19 |     3 ||    22
       Rpst.: Long sword |     8 |       ||     8

Table legend:
 A = Non-vault XP
 B = Vault XP
 C = Vault XP percentage of total XP
 D = Non-vault monster count
 E = Vault monster count
 F = Vault count percentage of total count
                 A         B        C        D         E       F
            +---------+---------+-------+---------+---------+-------
      Total |      83 |       4 |   4.6 |      29 |       4 |  12.1
            +---------+---------+-------+---------+---------+-------
        D:1 |      38 |       4 |   9.5 |      24 |       4 |  14.3
        D:2 |      45 |       0 |   0.0 |       5 |       0 |   0.0
            +---------+---------+-------+---------+---------+-------
